 Dungeon Crawl Stone Soup version 0.29.0-4-gdea44cf6ec (webtiles) character file.

Game seed: 12800051313834012915

133 qw the Chopper (level 5, -4/27 HPs)
             Began as a Tengu Warper on Aug 28, 2022.
             Slain by an orc priest
             ... wielding a +0 club
              (5 damage)
             ... on level 3 of the Dungeon.
             The game lasted 00:00:14 (2937 turns).

qw the Chopper (Tengu Warper)                       Turns: 2937, Time: 00:00:14

Health: -4/27      AC: 10    Str: 13    XL:     5   Next: 16%
Magic:  9/9        EV:  4    Int: 14    God:
Gold:   70         SH:  0    Dex: 13    Spells: 8/8 levels left

rFire   . . .      SeeInvis .   Y - +0 hand axe
rCold   . . .      Faith    .   (no shield)
rNeg    . . .      Spirit   .   c - +0 plate armour
rPois   +          Reflect  .   (helmet restricted)
rElec   .          Harm     .   (no cloak)
rCorr   .          Rampage  .   (no gloves)
Will    +....                   (boots unavailable)
Stlth   ..........              (no amulet)
HPRegen 0.09/turn               (no ring)
MPRegen 0.11/turn               (no ring)

@: flying quickly and evasively, quick
A: beak, talons 3, nimble flight, frail 1, strong-willed 1, mutation resistance
1, poison resistance
a: no special abilities


You were on level 3 of the Dungeon.
You visited 1 branch of the dungeon, and saw 3 of its levels.

You collected 70 gold pieces.


Innate Abilities, Weirdness & Mutations

You have a beak for a mouth.
You have claws for feet.
Your magical nature lets you fly swiftly and evasively.
You are frail. (-10% HP)
You are strong-willed. (Will+)
You are somewhat resistant to further mutation.
Your system is resistant to poisons. (rPois)


   Skills:
 - Level 2.0 Fighting
 + Level 5.4 Axes
 - Level 1.0 Throwing
 - Level 2.0 Armour
 - Level 2.1 Dodging
 - Level 2.0 Spellcasting
 - Level 2.4 Translocations


You had 8 spell levels left.
You didn't know any spells.
Your spell library contained the following spells:

 Spells                   Type           Power      Damage    Failure   Level
 Blink                    Tloc           16%        N/A       100%        2
 Gell's Gravitas          Tloc           8%         N/A       100%        3
 Lesser Beckoning         Tloc           8%         N/A       100%        3
 Teleport Other           Tloc           8%         N/A       100%        3
 Manifold Assault         Tloc           8%         N/A       100%        5

Inventory:

Hand Weapons
 h - a +1 mace of holy wrath
 Y - a +0 hand axe (weapon)
Missiles
 d - 3 boomerangs (quivered)
Armour
 c - a +0 plate armour (worn)
Jewellery
 g - an amulet of guardian spirit
Scrolls
 a - 2 scrolls of identify
 b - a scroll of vulnerability {unknown}
 e - a scroll of fear {unknown}
 j - a scroll of enchant weapon {unknown}
Potions
 f - a potion of berserk rage {unknown}
 i - a potion of might {unknown}

Dungeon Overview and Level Annotations

Branches:
Dungeon (3/15)

Altars:

Shops:
D:1 !   D:2 *

Annotations:
D:3 2 transporters, qw's ghost, amateur TeWr


Message History

You hit the orc priest.
You peck the orc priest, but do no damage.
The orc priest is moderately wounded.
You hit the orc.
The orc priest hits you but does no damage.
The orc hits you but does no damage.
You hit the orc. Your kick misses the orc. Your peck misses the orc.
The orc is heavily wounded.
You hit the orc priest but do no damage.
The orc priest calls down the wrath of Beogh upon you.
Beogh smites you! The orc hits you but does no damage.
You closely miss the orc.
The orc is heavily wounded.
You barely miss the orc priest.
The orc priest begins to cast a cantrip, but forgets the words!
The orc priest hits you but does no damage.
The orc hits you but does no damage.
You slash the orc!
You kill the orc!
You closely miss the orc priest.
The orc priest hits you but does no damage.
You hit the orc priest but do no damage.
Your kick misses the orc priest.
The orc priest is moderately wounded.
You closely miss something. Something hits you but does no damage.
The orc priest hits you but does no damage.
You hit the orc priest. Your kick misses the orc priest.
The orc priest is severely wounded.
You closely miss something.
You hear some strange, mumbled words.
Something tries to affect you, but you resist.
The orc priest hits you with a +0 club.
You barely miss the orc priest. Your kick misses the orc priest.
The orc priest is severely wounded.
You barely miss something.
You hear some strange, mumbled words.
A puff of flame appears from out of thin air!
The puff of flame hits you! The orc priest hits you with a +0 club.
You die...

####### .......
..#.. .... ..
##o.#..#. #{oo.....
#########@#
#.........#
#.........#
#.....7.7.7.. #
#.........#.# ...
##....7...7.#
....#####........#.#
....?.......#7.7.7.#


777 ......)..##...#....# PP7 You could see 2 orc priests and an orc.

Vanquished Creatures
  Jessica (D:2)
  Terence (D:2)
  2 adders
  2 worms
  2 orcs (D:3)
  4 endoplasms
  2 giant cockroaches
  3 goblins (D:3)
  13 hobgoblins
  4 kobolds
  A quokka (D:3)
  5 ball pythons (D:1)
  3 bats
  6 frilled lizards
  2 rats
51 creatures vanquished.

Vanquished Creatures (others)
  A plant (D:3)
1 creature vanquished.

Grand Total: 52 creatures vanquished

Notes
Turn   | Place    | Note
-------+----------+-------------------------------------------
     0 | D:1      | qw the Tengu Warper began the quest for the Orb.
     0 | D:1      | Reached XP level 1. HP: 12/12 MP: 4/4
     0 | D:1      | 0 ||| qw: Version: 0.1-a-89-g26bdef1
     0 | D:1      | 0 ||| qw: Game counter: 3260
     0 | D:1      | 0 ||| qw: Always use a shield: true
     0 | D:1      | 0 ||| qw: God list: Okawaru
     0 | D:1      | 0 ||| qw: Allow faded altars: false
     0 | D:1      | 0 ||| qw: Do Orc after D:15 true
     0 | D:1      | 0 ||| qw: Do second Lair branch before Depths: true
     0 | D:1      | 0 ||| qw: Lair rune preference: random
     0 | D:1      | 0 ||| qw: Plans: Normal
     0 | D:1      | 0 ||| PLANNING D:1-11
    19 | D:1      | 19 ||| Stepping ~*~*~tactically~*~*~ (stealth).
    21 | D:1      | 21 ||| Stepping ~*~*~tactically~*~*~ (stealth).
   167 | D:1      | Reached skill level 3 in Axes
   167 | D:1      | Reached XP level 2. HP: 17/17 MP: 6/6
   944 | D:1      | Reached XP level 3. HP: 19/21 MP: 7/7
   962 | D:1      | Found Zeub's Distillery.
   975 | D:1      | 975 ||| SHOPLISTING 2 potions of cancellation (160 gold,
                  | have 2).
   975 | D:1      | 975 ||| SHOPLISTING 2 potions of might (80 gold, have 2).
   975 | D:1      | 975 ||| SHOPLISTING potion of curing (30 gold, have 2).
   975 | D:1      | 975 ||| SHOPLISTING potion of haste (100 gold, have 2).
   975 | D:1      | 975 ||| SHOPLISTING potion of heal wounds (50 gold, have
                  | 2).
   975 | D:1      | 975 ||| SHOPLISTING potion of might (40 gold, have 2).
   975 | D:1      | 975 ||| SHOPLISTING potion of resistance (100 gold, have
                  | 2).
  1061 | D:1      | 1061 ||| READING 2 scrolls labelled DUARPH DOEHUIGENE.
  1062 | D:1      | 1062 ||| DRINKING 2 black potions.
  1062 | D:1      | Gained mutation: Your muscles are strong. (Str +4, Int/Dex
                  | -1) [potion of mutation]
  1062 | D:1      | Gained mutation: You are frail. (-10% HP) [potion of
                  | mutation]
  1062 | D:1      | Gained mutation: Your mind is acute. (Int +4, Str/Dex -1)
                  | [potion of mutation]
  1063 | D:1      | 1063 ||| DRINKING potion of mutation.
  1063 | D:1      | Lost mutation: You are frail. (-10% HP) [potion of
                  | mutation]
  1063 | D:1      | Lost mutation: Your muscles are strong. (Str +4, Int/Dex
                  | -1) [potion of mutation]
  1063 | D:1      | Lost mutation: Your mind is acute. (Int +4, Str/Dex -1)
                  | [potion of mutation]
  1063 | D:1      | Gained mutation: You have supernaturally acute eyesight.
                  | (SInv) [potion of mutation]
  1063 | D:1      | Gained mutation: You are weak. (Str -2) [potion of
                  | mutation]
  1063 | D:1      | Gained mutation: You occasionally lose the ability to read
                  | scrolls when taking damage. [potion of mutation]
  1102 | D:1      | 1102 ||| DROPPING scroll of blinking.
  1216 | D:2      | Reached skill level 4 in Axes
  1294 | D:2      | 1294 ||| Stepping ~*~*~tactically~*~*~ (stealth).
  1301 | D:2      | 1301 ||| Stepping ~*~*~tactically~*~*~ (stealth).
  1302 | D:2      | 1302 ||| Stepping ~*~*~tactically~*~*~ (stealth).
  1485 | D:2      | Noticed Terence
  1493 | D:2      | Killed Terence
  1494 | D:2      | Reached XP level 4. HP: 23/26 MP: 8/8
  1534 | D:2      | 1534 ||| DROPPING +0 whip.
  1542 | D:2      | 1542 ||| DRINKING potion of mutation.
  1542 | D:2      | Lost mutation: You are weak. (Str -2) [potion of mutation]
  1542 | D:2      | Lost mutation: You occasionally lose the ability to read
                  | scrolls when taking damage. [potion of mutation]
  1542 | D:2      | Lost mutation: You have supernaturally acute eyesight.
                  | (SInv) [potion of mutation]
  1542 | D:2      | Gained mutation: You are frail. (-10% HP) [potion of
                  | mutation]
  1542 | D:2      | Gained mutation: You are strong-willed. (Will+) [potion of
                  | mutation]
  1542 | D:2      | Gained mutation: Your system is resistant to poisons.
                  | (rPois) [potion of mutation]
  1542 | D:2      | Gained mutation: You are somewhat resistant to further
                  | mutation. [potion of mutation]
  1897 | D:2      | Found Ergheimee's General Store.
  2062 | D:2      | Noticed Jessica
  2067 | D:2      | Killed Jessica
  2068 | D:2      | Reached skill level 5 in Axes
  2171 | D:2      | Found a faded altar of an unknown god.
  2334 | D:2      | 2334 ||| UPGRADING to +0 plate armour.
  2344 | D:2      | 2344 ||| DROPPING +0 leather armour.
  2345 | D:2      | 2345 ||| READING scroll labelled EPRUEPN RIHUNT.
  2346 | D:2      | 2346 ||| READING 2 scrolls of identify.
  2346 | D:2      | 2346 ||| IDENTIFYING green potion
  2347 | D:2      | 2347 ||| DROPPING potion of invisibility.
  2355 | D:3      | Found a transporter.
  2356 | D:3      | Found a transporter.
  2356 | D:3      | Noticed qw's ghost (amateur TeWr)
  2489 | D:3      | Gained mutation: Your magical nature lets you fly swiftly
                  | and evasively. [Tengu growth]
  2489 | D:3      | Reached XP level 5. HP: 24/27 MP: 9/9
  2646 | D:3      | 2646 ||| Stepping ~*~*~tactically~*~*~ (stealth).
  2920 | D:3      | 2920 ||| Stepping ~*~*~tactically~*~*~ (hiding).
  2922 | D:3      | 2922 ||| Stepping ~*~*~tactically~*~*~ (hiding).
  2923 | D:3      | 2923 ||| Stepping ~*~*~tactically~*~*~ (hiding).
  2937 | D:3      | HP: 1/27 [something/puff of flame (8)]
  2937 | D:3      | Slain by an orc priest

Levels and vault maps discovered:
D:1:      arrival_zaba_pyramid, layout_basic, serial_shops, shop
D:2:      layout_loops_corners, hellmonk_ecumenical_altar_leap_of_faith,
          serial_shops, nicolae_shop_statue_plus,
          wander_ebering_terrifying_dragon_lair, uniq_jessica, uniq_terence
D:3:      layout_loops_ring, gammafunk_ghost_arena, serial_forest,
          infiniplex_forest_fountain, infiniplex_forest_end_3,
          infiniplex_forest_straight_3, infiniplex_forest_3_way,
          infiniplex_forest_lined_room_, infiniplex_forest_clump_double,
          infiniplex_forest_corner_1, solitary_fountain, minmay_misc_feat_x,
          columned_hall_lemuel, uniq_natasha

Skill      XL: |  1  2  3  4  5 |
---------------+----------------+-----
Axes           | 3 4 5 |  5.4
Armour         | 2 |  2.0
Fighting       | |  2.0
Throwing       | |  1.0
Dodging        | |  2.1
Spellcasting   | |  2.0
Translocations | |  2.4

Action                   |  1- 3 |  4- 6 || total
-------------------------+-------+-------++-------
Melee: Hand axe          |    61 |    67 ||   128
       Kick              |    16 |    14 ||    30
       Peck              |     8 |    12 ||    20
Throw: Boomerang         |     7 |    13 ||    20
  Use: Potion            |     2 |     1 ||     3
       Scroll            |     1 |     2 ||     3
Armor: Leather armour    |     8 |     4 ||    12
       Plate armour      |       |    28 ||    28
Dodge: Dodged            |    14 |    22 ||    36

Table legend:
 A = Non-vault XP
 B = Vault XP
 C = Vault XP percentage of total XP
 D = Non-vault monster count
 E = Vault monster count
 F = Vault count percentage of total count
                 A         B        C        D         E       F
            +---------+---------+-------+---------+---------+-------
      Total |     116 |      74 |  38.9 |      48 |       3 |   5.9
            +---------+---------+-------+---------+---------+-------
        D:1 |      37 |       0 |   0.0 |      21 |       0 |   0.0
        D:2 |      35 |      74 |  67.9 |      12 |       3 |  20.0
        D:3 |      44 |       0 |   0.0 |      15 |       0 |   0.0
            +---------+---------+-------+---------+---------+-------
